AoeStats
← vgutierrez

Oasis

509196251Analyzed
3v3 RM · 7d ago on Sep 25, 2026· 106m 17s· 6 players
Game mode
Random Map
Map size
Normal (6 player)
Population
200
Speed
Normal
Resources
Standard
Victory
Conquest
Starting age
Dark Age
Ending age
Imperial Age
RankedLock teamsTeams togetherTeam positionsShared explorationLock speedFull tech treeHidden civsTurbo modeCheats
Victory
Defeat
🇦🇹 Turks · Austria
831
+16
🇦🇹 Saxons · Austria
823
+16
🇦🇹 Mongols · Austria
816
+17
🇨🇴 Gurjaras · Colombia
875
-18
🇮🇹 Britons · Italy
842
-17
🇺🇾 Poles · Uruguay
772
-27
UciKopti
3:10 Loom
10:28 Feudal Age
18:58 Castle Age
17:42 Horse Collar
19:08 Double-Bit Axe
21:05 Bow Saw
26:07 Heavy Plow
27:40 Padded Archer Armor
27:30 Fletching
28:43 Leather Archer Armor
29:31 Wheelbarrow
29:56 Bodkin Arrow
31:31 Gold Mining
35:02 Imperial Age
33:24 Hand Cart
34:04 Gold Shaft Mining
34:24 Forging
34:20 Scale Barding Armor
37:10 Ballistics
37:50 Chemistry
37:15 Conscription
36:16 Elite Mangudai
37:12 Husbandry
37:23 Bloodlines
36:33 Light Cavalry
36:55 Heavy Camel Rider
38:56 Iron Casting
38:22 Bracer
38:43 Chain Barding Armor
38:24 Scale Mail Armor
40:48 Blast Furnace
42:31 Hussar
45:57 Capped Ram
47:08 Drill
47:05 Siege Ram
47:56 Caravan
51:28 Onager
64:05 Elite Skirmisher
64:52 Thumb Ring
68:22 Nomads
71:45 Siege Onager
104:30 Chain Mail Armor
xxkilla81
0:27 Loom
12:24 Feudal Age
12:44 Horse Collar
12:56 Double-Bit Axe
19:03 Castle Age
20:20 Heavy Plow
20:36 Bow Saw
21:48 Wheelbarrow
23:31 Hand Cart
28:41 Squires
28:27 Arson
28:28 Gambesons
32:18 Imperial Age
29:54 Scale Mail Armor
30:16 Forging
32:01 Iron Casting
31:42 Chain Mail Armor
31:28 Padded Archer Armor
31:19 Fletching
31:54 Thumb Ring
33:01 Treadmill Crane
33:34 Fortified Wall
33:35 Masonry
33:46 Ballistics
34:12 Plate Mail Armor
33:31 Elite Skirmisher
35:37 Crop Rotation
36:35 Two-Man Saw
35:50 Bodkin Arrow
36:10 Leather Archer Armor
37:21 Bracer
37:27 Scale Barding Armor
37:08 Elite Hearth Troop
38:07 Caravan
40:23 Husbandry
40:34 Bloodlines
39:46 Light Cavalry
42:16 Ring Archer Armor
42:06 Chain Barding Armor
42:23 Hussar
42:54 Cranequins
44:05 Shield Wall
46:34 Cavalier
52:31 Elite Varangian Guard
54:53 Chemistry
71:37 Pikeman
72:29 Halberdier
74:16 Halberdier
75:58 Onager
84:41 Heavy Scorpion
91:56 Capped Ram
92:43 Sappers
93:35 Conscription
93:51 Hoardings
92:38 Clerical Recruitment
93:56 Siege Ram
106:15 Architecture
105:32 Arrowslits
105:52 Siege Engineers
105:38 Guard Tower
pektas6161
0:33 Loom
11:18 Feudal Age
11:47 Double-Bit Axe
11:44 Horse Collar
20:50 Castle Age
19:16 Stone Mining
20:52 Gold Mining
21:49 Bow Saw
21:41 Heavy Plow
23:54 Gold Shaft Mining
30:49 Imperial Age
31:11 Wheelbarrow
31:57 Artillery
32:34 Hand Cart
32:54 Caravan
34:03 Ballistics
33:33 Heated Shot
34:11 Conscription
35:38 Scale Barding Armor
36:29 Bloodlines
36:05 Elite Janissary
37:31 Heavy Camel Rider
40:22 Chain Barding Armor
40:04 Padded Archer Armor
39:55 Fletching
40:30 Sipahi
40:39 Parthian Tactics
51:52 Two-Man Saw
72:27 Plate Barding Armor
72:08 Leather Archer Armor
76:15 Ring Archer Armor
75:41 Bodkin Arrow
84:22 Heavy Scorpion
WololoJedi
2:34 Loom
11:07 Feudal Age
12:39 Wheelbarrow
11:53 Double-Bit Axe
11:52 Horse Collar
19:16 Castle Age
18:50 Forging
18:46 Scale Barding Armor
18:12 Man-at-Arms
18:38 Arson
19:19 Gold Mining
19:25 Stone Mining
20:33 Bow Saw
20:36 Heavy Plow
23:32 Light Cavalry
25:55 Stone Shaft Mining
25:37 Caravan
27:13 Gold Shaft Mining
29:16 Fletching
29:27 Padded Archer Armor
31:15 Hand Cart
30:47 Town Watch
31:34 Town Patrol
34:40 Imperial Age
35:34 Chain Barding Armor
35:50 Iron Casting
35:10 Bodkin Arrow
35:31 Leather Archer Armor
35:16 Scale Mail Armor
36:07 Conscription
36:05 Bloodlines
35:55 Husbandry
36:11 Siege Elephant
38:13 Sappers
38:49 Kshatriyas
38:30 Onager
38:42 Long Swordsman
39:50 Elite Chakram Thrower
41:05 Hoardings
40:30 Heavy Camel Rider
41:32 Hussar
41:58 Two-Handed Swordsman
43:12 Elite Shrivamsha Rider
44:45 Chain Mail Armor
44:31 Bracer
45:07 Plate Barding Armor
44:04 Elite Skirmisher
44:05 Crossbowman
44:50 Thumb Ring
46:03 Elite Elephant Archer
50:03 Plate Mail Armor
57:02 Frontier Guards
58:05 Chemistry
57:26 Ballistics
56:56 Heated Shot
56:47 Treadmill Crane
57:18 Masonry
57:19 Fortified Wall
56:59 Guard Tower
57:05 Murder Holes
70:51 Architecture
70:57 Keep
~Giulia~
0:27 Loom
10:46 Feudal Age
11:17 Double-Bit Axe
11:40 Town Watch
13:47 Horse Collar
22:06 Castle Age
20:27 Gold Mining
20:31 Fletching
20:33 Stone Mining
21:15 Padded Archer Armor
22:36 Crossbowman
24:16 Bodkin Arrow
25:21 Ballistics
24:58 Murder Holes
25:23 Leather Archer Armor
26:16 Bow Saw
26:29 Heavy Plow
29:33 Wheelbarrow
29:57 Elite Skirmisher
31:12 Treadmill Crane
36:17 Imperial Age
36:18 Gold Shaft Mining
37:03 Warwolf
37:24 Yeomen
36:38 Pikeman
37:54 Masonry
38:30 Bracer
39:14 Ring Archer Armor
42:42 Hoardings
43:19 Elite Longbowman
44:20 Conscription
44:40 Forging
44:30 Scale Mail Armor
56:29 Caravan
60:00 Squires
59:46 Gambesons
67:24 Two-Man Saw
72:25 Iron Casting
72:06 Chain Mail Armor
72:24 Siege Engineers
72:51 Architecture
72:36 Fortified Wall
72:52 Hand Cart
72:38 Town Patrol
91:13 Onager
94:19 Blast Furnace
93:51 Plate Mail Armor
98:07 Halberdier
98:13 Halberdier
vgutierrez
10:35 Feudal Age
11:20 Double-Bit Axe
11:19 Horse Collar
14:13 Gold Mining
16:21 Wheelbarrow
21:15 Castle Age
20:03 Stone Mining
20:36 Forging
23:21 Heavy Plow
25:16 Light Cavalry
26:47 Bow Saw
29:39 Stone Shaft Mining
31:03 Hand Cart
34:39 Imperial Age
33:03 Scale Barding Armor
33:34 Iron Casting
34:46 Winged Hussar
37:05 Chain Barding Armor
40:52 Blast Furnace
42:58 Crop Rotation
44:05 Crossbowman
44:50 Arbalester
46:32 Fletching
46:43 Padded Archer Armor
49:25 Bodkin Arrow
49:45 Leather Archer Armor
Connection lost

Rejoining the realm…

Still unreachable

The connection could not be restored.

Session expired

The server has moved on; the page needs a fresh start.